 Dungeon Crawl Stone Soup version 0.28-a0-1202-g1e6f1b2279 (webtiles) character file.

Game seed: 1617716131137625164

191072 Lavandula the Brawler (level 18, -3/160 HPs)
             Began as a Formicid Transmuter on Dec 19, 2021.
             Was the Champion of Jiyva.
             Killed from afar by a shock serpent (24 damage)
             ... with a bolt of electricity
             ... on level 4 of the Snake Pit on Dec 20, 2021.
             The game lasted 01:44:32 (30557 turns).

Lavandula the Brawler (Formicid Transmuter)        Turns: 30557, Time: 01:44:32

Health: -3/160     AC: 11    Str: 19    XL:     18   Next: 86%
Magic:  28/28      EV: 14    Int: 19    God:    Jiyva [******]
Gold:   632        SH:  0    Dex: 17    Spells: 2/30 levels left

rFire   x x .      SeeInvis .     - Unarmed
rCold   + + +      Faith    .   (shield currently unavailable)
rNeg    . . .      Spirit   .   (armour currently unavailable)
rPois   +          Reflect  .   (helmet unavailable)
rElec   .          Harm     .   (cloak currently unavailable)
rCorr   +          Rampage  .   (gloves currently unavailable)
rMut    +                       (boots currently unavailable)
Will    +....                   o - amulet of regeneration
Stlth   ++........              r - ring of protection from cold
HPRegen 2.76/turn               L - +6 ring of dexterity
MPRegen 0.71/turn

@: ice-form, wereblooded
A: freezing attack, amphibious, boosted hp, permanent stasis, dig shafts and
tunnels, large, (antennae 3), inability to use devices, no earth magic, no hexes
magic, no summoning magic, unskilled 1, temperature sensitive, four strong arms,
(iridescent scales 2), mutation resistance 3, strong 1, wild magic 1, (acidic
bite), (gelatinous body 2), (translucent skin 2), MP-powered wands, (engulf)
}: 1/15 runes: barnacled
a: End Transformation, Renounce Religion, Oozemancy, Slimify


You were on level 4 of the Snake Pit.
You worshipped Jiyva.
Jiyva was exalted by your worship.
You were a creature of crystalline ice.
You visited 6 branches of the dungeon, and saw 32 of its levels.
You also visited: Gauntlet, Ice Cave and Volcano.

You collected 3548 gold pieces.
You spent 2916 gold pieces at shops.

Inventory:

Missiles
 d - 117 poisoned darts (quivered)
 s - 10 silver javelins
 A - 11 throwing nets
 K - 10 curare-tipped darts
Armour
 i - a +1 cloak of cold resistance
 u - a +2 cloak of stealth (melded)
 w - +0 acid dragon scales
 B - a +0 troll leather armour (melded)
 D - a +1 robe of cold resistance
 O - the +2 pair of boots "Afupp" (melded) {Stlth+}
   (You found it in a Gauntlet)

   Stlth:     It makes you more stealthy.
 R - a +1 kite shield of poison resistance
 V - a +1 robe of willpower
 W - +1 ice dragon scales
Jewellery
 b - a ring of positive energy
 o - an amulet of regeneration (around neck)
 r - a ring of protection from cold (left front paw)
 F - a ring of flight
 I - a ring of poison resistance
 L - a +6 ring of dexterity (right front paw)
 M - a ring of resist corrosion
 N - a ring of fire
 P - a +4 ring of evasion
 T - a ring of willpower
 U - the ring "Haqejuil" {rElec rPois rF+ Dex+3}
   (You acquired it on level 14 of the Dungeon)

   [ring of protection from fire]

   Dex:       It affects your dexterity (+3).
   rF:        It protects you from fire.
   rElec:     It insulates you from electricity.
   rPois:     It protects you from poison.
Scrolls
 c - 4 scrolls of enchant armour
 f - 3 scrolls of amnesia
 l - 2 scrolls of immolation
 m - 3 scrolls of silence
 q - 2 scrolls of torment
 t - 2 scrolls of magic mapping
 x - 8 scrolls of enchant weapon
 y - 4 scrolls of vulnerability
 C - 5 scrolls of fog
 H - 3 scrolls of fear
 J - 2 scrolls of brand weapon
 Y - a scroll of identify
Potions
 a - a potion of brilliance
 e - 3 potions of flight
 g - 2 potions of might
 h - 5 potions of mutation
 j - 7 potions of haste
 k - 3 potions of magic
 n - 7 potions of attraction
 p - 3 potions of cancellation
 v - 2 potions of berserk rage
 z - 2 potions of resistance
 E - 5 potions of lignification
 G - a potion of curing
 Q - a potion of ambrosia
 S - a potion of invisibility
 X - a potion of heal wounds


   Skills:
 - Level 10.0 Fighting
 - Level 1.0 Armour
 - Level 8.4 Dodging
 + Level 20.6 Unarmed Combat
 - Level 6.9 Spellcasting
 - Level 11.8 Necromancy
 - Level 14.2 Transmutations
 - Level 4.6 Ice Magic
 - Level 7.0 Poison Magic


You had 2 spell levels left.
You knew the following spells:

 Your Spells              Type           Power      Damage    Failure   Level
a - Beastly Appendage     Tmut           100%       N/A       1%          1
b - Wereblood             Tmut           68%        N/A       1%          2
c - Spider Form           Tmut/Pois      57%        N/A       1%          3
d - Summon Small Mammal   Summ           32%        N/A       16%         1
e - Ice Form              Ice/Tmut       53%        N/A       3%          4
f - Alistair's Intoxicat  Tmut/Pois      38%        N/A       6%          5
g - Death Channel         Necr           30%        N/A       17%         6
h - Eringya's Noxious Bo  Tmut/Pois      28%        N/A       28%         6

Your spell library contained the following spells:

 Spells                   Type           Power      Damage    Failure   Level
 Sting                    Tmut/Pois      100%       1d8       1%          1
 Corpse Rot               Necr/Air       74%        N/A       2%          2
 Poisonous Vapours        Pois/Air       50%        N/A       6%          2
 Foxfire                  Conj/Fire      32%        2x1d5     16%         1
 Shock                    Conj/Air       32%        1d5       16%         1
 Dispel Undead            Necr           61%        3d21      1%          4
 Conjure Flame            Conj/Fire      8%         6-21      38%         3
 Gell's Gravitas          Tloc           8%         N/A       38%         3
 Lesser Beckoning         Tloc           8%         N/A       38%         3
 Teleport Other           Tloc           8%         N/A       38%         3
 Simulacrum               Ice/Necr       24%        N/A       56%         6
 Airstrike                Air            4%         N/A       78%         4
 Flame Wave               Conj/Fire      8%         2d4       78%         4
 Iskenderun's Mystic Bla  Conj/Tloc      8%         2d4       78%         4
 Freezing Cloud           Conj/Ice/Air   8%         6-21      88%         5
 Lightning Bolt           Conj/Air       4%         1d15      98%         5
 Storm Form               Tmut/Air       21%        N/A       99%         7
 Starburst                Conj/Fire      4%         6d3       100%        6
 Maxwell's Capacitive Co  Air            4%         ∞         100%        8
 Polar Vortex             Ice            15%        N/A       100%        9
 Borgnjor's Vile Clutch   Necr/Erth      Unusable   N/A       N/A         5
 Call Canine Familiar     Summ           Unusable   N/A       N/A         3
 Dazzling Flash           Conj/Hex       Unusable   N/A       N/A         3
 Inner Flame              Hex/Fire       Unusable   N/A       N/A         3
 Summon Guardian Golem    Hex/Summ       Unusable   N/A       N/A         3
 Swiftness                Air            Unusable   N/A       N/A         3
 Summon Lightning Spire   Summ/Air       Unusable   N/A       N/A         4

Dungeon Overview and Level Annotations

Branches:
Dungeon (15/15)            Temple (1/1) D:4            Lair (6/6) D:8
 Shoals (4/4) Lair:4        Snake (4/4) Lair:2        Slime (0/5) Lair:5
    Orc (2/2) D:12            Elf (0/3) Orc:2        Vaults (0/5) D:14
 Depths (0/4) D:15          IceCv (visited)         Volcano (visited)
Gauntlet (visited)

Altars:
Ashenzari
Cheibriados
Dithmenos
Elyvilon
Fedhas
Gozag
Hepliaklqana
Kikubaaqudgha
Makhleb
Nemelex Xobeh
Okawaru
Qazlal
Ru
Sif Muna
Trog
Uskayaw
Vehumet
Wu Jian
Xom
Yredelemnul
Zin
The Shining One
Beogh
Jiyva

Shops:
D:8 :   D:11 *   D:12 !   D:14 ?   D:15 ?   Orc:2 [:**   Shoals:3 (   Snake:1 :

Portals:
Pandemonium: Orc:2

Annotations:
D:6 1 exclusion
D:12 3 runed translucent doors, Dwachs's ghost, journeyman FoFi
Lair:2 3 exclusions
Shoals:4 3 runed translucent doors, Stick's ghost, adept DjFE


Innate Abilities, Weirdness & Mutations

You are a creature of crystalline ice.
You have a powerful freezing melee attack.
You are amphibious.
Your maximum health is increased.
Your armour is entirely melded.
You are incapable of wielding weapons or throwing items.
You cannot be hasted, slowed, berserked, paralysed or teleported.
You can dig through walls and to a lower floor.
((You have a pair of large antennae on your head. (SInv)))
You cannot study or use magical devices.
You cannot study or cast Earth magic.
You cannot study or cast Hexes magic.
You cannot study or cast Summoning magic.
You are somewhat unskilled. (-1 Apt)
You are sensitive to extremes of temperature. (rF-, rC-)
Your four strong arms can wield two-handed weapons with a shield.
((You are mostly covered in iridescent scales. (AC +4)))
You are almost entirely resistant to further mutation and mutation removal.
Your muscles are strong. (Str +2)
Your spells are a little harder to cast, but a little more powerful.
((You have acidic saliva.))
((Your pliable body absorbs attacks. (AC +2, EV +2)))
((Your translucent skin reduces your foes' accuracy. (Stealth+)))
You expend magic power (3 MP) to strengthen your wands.
((Your melee attacks may engulf your foes in ooze.))


Message History

There is an open door here.
You closely miss the shock serpent.
The shock serpent bites you but does no damage.
The naga spits poison at you. The splash of poison hits you.
You are poisoned.
You resist.
Unknown command.
You feel sick.
You hit the shock serpent. You freeze the shock serpent.
The shock serpent is lightly wounded.
The shock serpent bites you but does no damage.
You punch the shock serpent! You freeze the shock serpent.
The shock serpent is heavily wounded.
The shock serpent's electric aura discharges, shocking you!
You feel sick. The shock serpent barely misses you.
The salamander hits you from afar with a +2 halberd of distortion.
You are engulfed in flames!!
The fire burns you terribly! Space warps around you.
You barely miss the shock serpent.
The shock serpent is heavily wounded.
You feel sick. The shock serpent bites you. The shock serpent shocks you!
Unknown command.
You punch the shock serpent!
The shock serpent seems to slow down.
You freeze the shock serpent.
The shock serpent is severely wounded.
The shock serpent's electric aura discharges, shocking you!
The salamander hits you from afar with a +2 halberd of distortion!!
You are engulfed in flames!!
The fire burns you terribly!
* * * LOW HITPOINT WARNING * * *
The shock serpent completely misses you.
You feel sick.
Okay, then.
You feel sick.
You are no longer poisoned.
The shock serpent shoots out a bolt of lightning at you!
The bolt of electricity hits you!!
* * * LOW HITPOINT WARNING * * *
The bolt of electricity hits you!!
You die...
NS

.N..##+##### ... ..
................ ..
....NN.... .... #### #..
$....N... ... ...####....
......NN####..# ...........
#####'#..##.##
.............##...S.....#..#
†............+..........'..#
.............#..Y......##..#
.............##.......##...#
#.............#########....#
#..........................#
#..................)......##
#.........................#
...............##.........#
.######.......####.###....#
## #####..?.# ### #....#


You could see a shock serpent (slow) and a naga (strong).

Vanquished Creatures
  Donald (Snake:1)
  A minotaur (Gauntlet)
  A dire elephant (D:15)
  Azrael (D:13)
  2 blizzard demons (IceCv)
  6 merfolk impalers (Shoals:4)
  A merfolk javelineer (Shoals:4)
  A caustic shrike simulacrum (IceCv)
  7 hydras
  Fannar (D:11)
  3 salamander tyrants
  5 naga warriors
  An ogre mage (D:14)
  An alligator snapping turtle (Shoals:2)
  A boulder beetle (D:11)
  2 merfolk aquamancers
  2 demonspawn (Orc:2)
  10 anacondas
  3 catoblepae
  3 merfolk avatars
  2 death knights
  4 centaur warriors (D:13)
  A satyr (Shoals:3)
  7 two-headed ogres
  9 death yaks (Lair:6)
  3 tengu warriors
  6 orc high priests (Orc:2)
  4 shock serpents
  Nergalle (D:12)
  5 naga sharpshooters
  Sonja (Lair:3)
  A salamander mystic (Snake:4)
  A fire crab (Gauntlet)
  3 skeletal warriors
  14 sea snakes
  A bog body (IceCv)
  2 lindwurms (Lair:6)
  A kraken simulacrum (Shoals:4)
  4 spriggan simulacra (IceCv)
  8 harpies
  An obsidian statue (IceCv)
  4 orc knights (Orc:2)
  4 mana vipers
  6 orc sorcerers
  A phantasmal warrior (D:15)
  3 deep elf pyromancers
  13 fauns
  13 manticores
  9 cyclopes
  11 salamanders
  3 slime creatures (D:12)
  27 black mambas
  Maurice (D:9)
  A rust devil (Orc:2)
  2 ice statues (Snake:3)
  7 merfolk sirens
  5 naga magi
  6 water nymphs
  2 guardian serpents
  Joseph (D:9)
  14 cane toads
  5 gargoyles
  2 torpor snails (Lair:6)
  2 rime drakes (Lair:6)
  An efreet (D:15)
  3 freezing wraiths
  2 demonic crawlers (D:12)
  3 tengu conjurers
  7 ice devils (IceCv)
  3 komodo dragons
  6 entropy weaver simulacra (IceCv)
  2 anaconda simulacra (IceCv)
  8 trolls
  A polar bear (shapeshifter) (D:13)
  4 polar bears
  16 merfolk
  3 wind drakes
  14 blink frogs
  5 dream sheep (Lair:6)
  2 hornets
  6 snapping turtles
  3 flying skulls (Volcano)
  13 water elementals
  4 wraiths
  55 yaks
  3 fire bats (Gauntlet)
  A vampire (D:9)
  A shadow (D:10)
  2 fire elementals (D:13)
  4 wyverns
  2 alligator skeletons (Volcano)
  2 dire elephant simulacra (IceCv)
  A chaos spawn (Gauntlet)
  7 basilisks
  7 minotaur simulacra (IceCv)
  3 harpy simulacra (IceCv)
  10 vampire mosquitoes
  22 nagas
  4 wargs
  5 acid dragons
  23 water moccasins
  7 hell hounds
  25 orc warriors
  2 ice beasts
  An alligator simulacrum (IceCv)
  3 black bears
  5 ogres
  6 centaurs
  22 wolves
  A phantom (D:5)
  3 wyvern zombies
  10 bullfrogs
  10 deep troll simulacra (IceCv)
  3 gnoll sergeants
  7 scorpions
  14 killer bees
  A water moccasin skeleton (D:7)
  2 troll skeletons (Volcano)
  6 wights
  A lindwurm simulacrum (IceCv)
  5 howler monkeys (D:10)
  2 bullfrog zombies (D:6)
  5 jellies
  3 centaur zombies
  A centaur skeleton (D:7)
  16 orc priests
  2 hounds
  3 iguanas
  18 orc wizards
  7 hell rats
  A killer bee zombie (D:7)
  A howler monkey zombie (D:9)
  13 gnolls
  A howler monkey skeleton (D:6)
  10 adders
  4 river rats (D:12)
  A white imp (D:7)
  5 dart slugs
  63 orcs
  14 endoplasms
  14 giant cockroaches
  5 goblins
  5 hobgoblins
  7 jackals
  8 kobolds
  4 quokkas
  3 ball pythons (D:12)
  4 bats
  9 rats
  A plant (Shoals:2)
896 creatures vanquished.

Vanquished Creatures (collateral kills)
  A merfolk javelineer (Shoals:2)
  2 merfolk impalers (Shoals:4)
  2 merfolk aquamancers
  An alligator snapping turtle (Shoals:2)
  An orc high priest (Orc:2)
  2 harpies (Shoals:3)
  4 manticores
  2 salamanders (Snake:1)
  2 merfolk sirens (Shoals:4)
  A wind drake (Shoals:4)
  9 merfolk
  A snapping turtle (Shoals:4)
  4 dream sheep (Shoals:2)
  5 water elementals
  A naga (Snake:3)
  2 orc warriors (Orc:2)
  2 orc priests (Orc:2)
  2 orcs (Orc:2)
44 creatures vanquished.

Vanquished Creatures (others)
  An acid blob (Shoals:4)
  Harold (Lair:2)
  A centaur warrior (D:14)
  A merfolk aquamancer (Shoals:3)
  2 two-headed ogres (D:14)
  A naga sharpshooter (Snake:1)
  2 sea snakes (Shoals:4)
  A wizard (D:14)
  2 deep elf pyromancers
  A cyclops (D:15)
  A salamander (Snake:4)
  2 merfolk sirens
  A naga mage (Snake:4)
  A black mamba (Snake:1)
  A water nymph (Shoals:3)
  A komodo dragon (Lair:4)
  2 merfolk (Shoals:4)
  A hornet (shapeshifter) (D:15)
  A dream sheep (Lair:6)
  7 slime creatures
  3 nagas
  An orc warrior (Orc:1)
  3 centaurs (D:14)
  A bullfrog (Lair:5)
  A killer bee (D:9)
  An electric eel (Lair:2)
  78 jellies
  2 orc priests (Orc:2)
  An orc wizard (Orc:1)
  3 orcs
  15 demonic plants (Gauntlet)
  51 fungi
  218 plants
  4 tentacles (Shoals:4)
  24 withered plants (Gauntlet)
437 creatures vanquished.

Grand Total: 1377 creatures vanquished

Notes
Turn   | Place    | Note
-------+----------+-------------------------------------------
     0 | D:1      | Lavandula the Formicid Transmuter began the quest for the
                  | Orb.
     0 | D:1      | Reached XP level 1. HP: 15/15 MP: 3/3
   297 | D:1      | Reached XP level 2. HP: 19/21 MP: 5/5
   782 | D:1      | Reached skill level 4 in Unarmed Combat
   782 | D:1      | Reached XP level 3. HP: 21/26 MP: 6/6
   785 | D:1      | Learned a level 2 spell: Wereblood
   920 | D:1      | Learned a level 3 spell: Spider Form
  1251 | D:2      | Reached skill level 1 in Poison Magic
  1345 | D:2      | Reached XP level 4. HP: 30/32 MP: 7/7
  1796 | D:2      | Reached XP level 5. HP: 37/37 MP: 4/8
  2628 | D:3      | Found a faded altar of an unknown god.
  3003 | D:4      | Found a stormy altar of Qazlal.
  3093 | D:4      | Found a staircase to the Ecumenical Temple.
  3113 | Temple   | Entered the Ecumenical Temple
  3125 | Temple   | Became a worshipper of Ru the Awakened
  3342 | D:4      | Reached XP level 6. HP: 36/43 MP: 4/9
  3790 | D:4      | Found a basalt altar of Yredelemnul.
  3884 | D:5      | Entered Level 5 of the Dungeon
  3999 | D:5      | Reached skill level 5 in Transmutations
  4001 | D:5      | Learned a level 1 spell: Summon Small Mammal
  4445 | D:5      | Reached XP level 7. HP: 41/48 MP: 6/11
  4879 | D:5      | Reached skill level 5 in Unarmed Combat
  5101 | D:5      | Reached skill level 6 in Unarmed Combat
  5193 | D:5      | Gained mutation: You cannot study or use magical devices.
                  | [Ru sacrifice]
  5193 | D:5      | Reached * piety under Ru
  5193 | D:5      | Reached ** piety under Ru
  5267 | D:6      | Reached XP level 8. HP: 44/54 MP: 5/12
  5678 | D:5      | Learned a level 4 spell: Ice Form
  5908 | D:6      | Reached skill level 1 in Ice Magic
  6035 | D:6      | Noticed a wraith
  6041 | D:6      | Killed a wraith
  6284 | D:7      | Reached skill level 7 in Unarmed Combat
  6639 | D:7      | Reached XP level 9. HP: 59/59 MP: 7/13
  6868 | D:7      | Reached skill level 8 in Unarmed Combat
  7456 | D:7      | Reached skill level 9 in Unarmed Combat
  8690 | D:8      | Found Nemiry's Book Boutique.
  8755 | D:8      | Found an ancient bone altar of Kikubaaqudgha.
  8786 | D:8      | Found a staircase to the Lair.
  8914 | D:8      | Gained mutation: You are sensitive to extremes of
                  | temperature. (rF-, rC-) [Ru sacrifice]
  8914 | D:8      | Reached *** piety under Ru
  8914 | D:8      | Reached **** piety under Ru
  9110 | D:9      | Noticed a hornet
  9110 | D:9      | Noticed a two-headed ogre
  9352 | D:9      | Reached skill level 10 in Unarmed Combat
  9352 | D:9      | Reached XP level 10. HP: 65/65 MP: 7/14
  9507 | D:9      | Killed a two-headed ogre
  9725 | D:9      | Gained mutation: You are weak. (Str -2) [mutagenic glow]
  9834 | D:9      | Noticed Maurice
  9843 | D:9      | Killed Maurice
  9860 | D:9      | Reached skill level 11 in Unarmed Combat
  9898 | D:9      | Noticed Joseph
  9902 | D:9      | You fall into a shaft and drop 3 floors!
  9935 | D:12     | Found a staircase to the Orcish Mines.
 10009 | D:12     | Noticed a cyclops
 10020 | D:12     | Noticed a manticore
 10033 | D:12     | Reached XP level 11. HP: 75/83 MP: 10/15
 10039 | D:12     | Killed a manticore
 10044 | D:12     | Killed a cyclops
 10118 | D:12     | Reached skill level 5 in Dodging
 10228 | D:12     | Identified the +8 plate armour "Ylipt" {*Corrode Str+7}
 10536 | D:12     | Found a runed translucent gate.
 10536 | D:12     | Found a runed translucent gate.
 10537 | D:12     | Found a runed translucent gate.
 10541 | D:12     | Noticed Dwachs's ghost (journeyman FoFi)
 10575 | D:12     | Noticed a cyclops
 10583 | D:12     | Killed a cyclops
 10648 | D:12     | Found Siesing's Distillery.
 10648 | D:12     | Noticed a tengu warrior
 10653 | D:12     | Killed a tengu warrior
 10656 | D:12     | Bought a potion of invisibility for 128 gold pieces
 10656 | D:12     | Bought a potion of cancellation for 128 gold pieces
 10656 | D:12     | Bought a potion of attraction for 48 gold pieces
 10656 | D:12     | Bought a potion of lignification for 48 gold pieces
 10656 | D:12     | Bought a potion of lignification for 48 gold pieces
 10656 | D:12     | Bought a potion of might for 64 gold pieces
 10716 | D:12     | Noticed a two-headed ogre
 10724 | D:12     | Killed a two-headed ogre
 10725 | D:12     | Reached XP level 12. HP: 80/89 MP: 12/16
 11007 | D:11     | Gained mutation: You are somewhat unskilled. (-1 Apt) [Ru
                  | sacrifice]
 11007 | D:11     | Reduced skill Unarmed Combat to level 10
 11007 | D:11     | Reached ***** piety under Ru
 11053 | D:11     | Noticed a two-headed ogre
 11062 | D:11     | Killed a two-headed ogre
 11063 | D:11     | Reached skill level 11 in Unarmed Combat
 11398 | D:11     | Noticed a boulder beetle
 11398 | D:11     | Noticed a two-headed ogre
 11413 | D:11     | Killed a boulder beetle
 11414 | D:11     | Reached skill level 12 in Unarmed Combat
 11416 | D:11     | Killed a two-headed ogre
 11598 | D:11     | Found Ommuy's General Store.
 11651 | D:11     | Noticed Fannar
 11668 | D:11     | Killed Fannar
 11901 | D:10     | Entered Level 10 of the Dungeon
 11983 | D:10     | Noticed a two-headed ogre
 11994 | D:10     | Killed a two-headed ogre
 12093 | D:10     | Found a radiant altar of Vehumet.
 12417 | D:10     | Reached skill level 13 in Unarmed Combat
 12668 | D:9      | Killed Joseph
 12786 | D:9      | Reached skill level 1 in Armour
 13123 | Lair:1   | Entered Level 1 of the Lair of Beasts
 13472 | Lair:1   | Gained mutation: You cannot study or cast Earth magic. [Ru
                  | sacrifice]
 13472 | Lair:1   | Gained mutation: You cannot study or cast Hexes magic. [Ru
                  | sacrifice]
 13472 | Lair:1   | Gained mutation: You cannot study or cast Summoning magic.
                  | [Ru sacrifice]
 13472 | Lair:1   | Reached ****** piety under Ru
 13593 | Lair:1   | Reached XP level 13. HP: 93/93 MP: 11/17
 13884 | Lair:2   | Found a staircase to the Snake Pit.
 14067 | Lair:2   | Noticed Harold
 14145 | D:8      | Bought the Compendium of Envenoming and Confrontation for
                  | 416 gold pieces
 14151 | D:8      | Learned a level 5 spell: Alistair's Intoxication
 14422 | Lair:2   | Reached skill level 5 in Poison Magic
 14485 | Lair:2   | Noticed a six-headed hydra
 14492 | Lair:2   | Killed a six-headed hydra
 14637 | Lair:2   | Killed Harold
 15010 | Lair:2   | Noticed a four-headed hydra
 15016 | Lair:2   | Killed a four-headed hydra
 15017 | Lair:2   | Reached skill level 10 in Transmutations
 15248 | Lair:3   | Noticed a five-headed hydra
 15346 | Lair:3   | Noticed a catoblepas
 15353 | Lair:3   | Killed a catoblepas
 15391 | Lair:3   | Noticed a six-headed hydra
 15403 | Lair:3   | Killed a six-headed hydra
 15526 | Lair:3   | Killed a five-headed hydra
 15672 | Lair:3   | Noticed Sonja
 15681 | Lair:3   | Killed Sonja
 16266 | Lair:4   | Reached XP level 14. HP: 93/100 MP: 12/18
 16270 | Lair:4   | Found a gate leading to a gauntlet.
 16279 | Gauntlet | Entered a Gauntlet
 16279 | Gauntlet | Found a transporter.
 16279 | Gauntlet | Found a transporter.
 16283 | Gauntlet | Found a transporter.
 16287 | Gauntlet | Found a transporter.
 16302 | Gauntlet | Found a transporter.
 16308 | Gauntlet | Found a large runed translucent door.
 16309 | Gauntlet | Found a large runed translucent door.
 16310 | Gauntlet | Found a large runed translucent door.
 16310 | Gauntlet | Found a large runed translucent door.
 16311 | Gauntlet | Found a runed translucent gate.
 16312 | Gauntlet | Found a transporter.
 16312 | Gauntlet | Found a runed translucent gate.
 16312 | Gauntlet | Found a transporter.
 16312 | Gauntlet | Found a large runed translucent door.
 16312 | Gauntlet | Found a large runed translucent door.
 16312 | Gauntlet | Found a runed translucent door.
 16313 | Gauntlet | Found a runed translucent gate.
 16313 | Gauntlet | Found a runed translucent door.
 16313 | Gauntlet | Found a large runed translucent door.
 16314 | Gauntlet | Found a large runed translucent door.
 16316 | Gauntlet | Found a transporter.
 16323 | Gauntlet | Found a large runed translucent door.
 16323 | Gauntlet | Found a large runed translucent door.
 16324 | Gauntlet | Found a large runed translucent door.
 16325 | Gauntlet | Found a large runed translucent door.
 16335 | Gauntlet | Found a large runed translucent door.
 16335 | Gauntlet | Found a large runed translucent door.
 16336 | Gauntlet | Found a large runed translucent door.
 16352 | Gauntlet | Found a transporter.
 16372 | Gauntlet | Found a transporter.
 16392 | Gauntlet | Found a transporter.
 16423 | Gauntlet | Identified the +2 pair of boots "Afupp" {Stlth+}
 16444 | Gauntlet | Found a transporter.
 16448 | Gauntlet | Found a large runed translucent door.
 16496 | Gauntlet | Identified the +2 helmet "Zowk" {Rampage}
 16506 | Gauntlet | Noticed a minotaur
 16526 | Gauntlet | Killed a minotaur
 16535 | Gauntlet | Got the Volume of Air
 16542 | Lair:4   | Found a dark tunnel.
 16570 | Volcano  | Entered a volcano
 16790 | Volcano  | Identified the +0 helmet "Woraag" {*Slow +Blink Str+4}
 17183 | Lair:4   | Found a staircase to the Shoals.
 17756 | Lair:5   | Found a viscous altar of Jiyva.
 17756 | Lair:5   | Found a staircase to the Slime Pits.
 17804 | Lair:5   | Fell from the grace of Ru
 17804 | Lair:5   | Became a worshipper of Jiyva Jorul the Shapeless
 17911 | Lair:5   | Identified the +3 leather armour "Dued" {Harm Int+3}
 17926 | Lair:5   | Reached skill level 14 in Unarmed Combat
 18017 | Lair:5   | Reached * piety under Jiyva
 18527 | Lair:6   | Entered Level 6 of the Lair of Beasts
 18647 | Lair:6   | Reached skill level 15 in Unarmed Combat
 18809 | Lair:6   | Reached ** piety under Jiyva
 19040 | Lair:6   | Reached XP level 15. HP: 105/105 MP: 17/19
 19196 | Lair:6   | Learned a level 6 spell: Death Channel
 19409 | Lair:6   | Reached skill level 1 in Necromancy
 19779 | D:12     | Noticed Nergalle
 19792 | D:12     | Killed Nergalle
 20099 | D:13     | Reached *** piety under Jiyva
 20111 | D:13     | Reached skill level 5 in Necromancy
 20170 | D:13     | Lost mutation: You are weak. (Str -2) [potion of mutation]
 20170 | D:13     | Gained mutation: Potions are less effective at restoring
                  | your health. [potion of mutation]
 20170 | D:13     | Gained mutation: You have large cloven feet. [potion of
                  | mutation]
 20170 | D:13     | Gained mutation: Your mind is acute. (Int +2) [potion of
                  | mutation]
 20171 | D:13     | Lost mutation: You have large cloven feet. [potion of
                  | mutation]
 20171 | D:13     | Lost mutation: Potions are less effective at restoring your
                  | health. [potion of mutation]
 20171 | D:13     | Lost mutation: Your mind is acute. (Int +2) [potion of
                  | mutation]
 20171 | D:13     | Gained mutation: You are partially covered in iridescent
                  | scales. (AC +2) [potion of mutation]
 20171 | D:13     | Gained mutation: Your mind is acute. (Int +2) [potion of
                  | mutation]
 20225 | D:13     | Noticed Azrael
 20233 | D:13     | Killed Azrael
 20255 | D:13     | HP: 3/126 [burnt (6)]
 20735 | D:14     | You fall into a shaft and drop 1 floor!
 20735 | D:15     | Entered Level 15 of the Dungeon
 21379 | D:15     | Found Fuqalid's Magic Scroll Shoppe.
 21387 | D:15     | Bought a scroll of vulnerability for 90 gold pieces
 21387 | D:15     | Bought a scroll of torment for 90 gold pieces
 21573 | D:15     | Found a staircase to the Depths.
 21744 | D:14     | Lost mutation: Your mind is acute. (Int +2) [Jiyva's grace]
 21744 | D:14     | Gained mutation: You have hidden genetic potential.
                  | [Jiyva's grace]
 21744 | D:14     | Gained mutation: You have great hidden genetic potential.
                  | [Jiyva's grace]
 21744 | D:14     | Gained mutation: You are mostly covered in iridescent
                  | scales. (AC +4) [Jiyva's grace]
 21744 | D:14     | Gained mutation: You are completely covered in iridescent
                  | scales. (AC +6) [Jiyva's grace]
 21788 | D:14     | Found a gate to the Vaults.
 21949 | D:14     | Reached **** piety under Jiyva
 21977 | D:14     | Found Gedgheedo's Magic Scroll Emporium.
 22011 | D:14     | Reached XP level 16. HP: 111/111 MP: 22/22
 22029 | D:14     | Bought a scroll of enchant armour for 90 gold pieces
 22309 | Orc:1    | Entered Level 1 of the Orcish Mines
 22433 | Orc:1    | Reached skill level 10 in Necromancy
 22778 | Orc:2    | Entered Level 2 of the Orcish Mines
 23046 | Orc:2    | Found Lirociot's General Store.
 23052 | Orc:2    | Found Hisarups's General Store.
 23168 | Orc:2    | Found a staircase to the Elven Halls.
 23576 | Orc:2    | Found Ytoergh's Antique Armour Emporium.
 23576 | Orc:2    | Found a one-way gate leading to the halls of Pandemonium.
 23576 | Orc:2    | Found Ixid's Book Shoppe.
 23863 | Orc:2    | Bought Great Wizards, Vol. II for 570 gold pieces
 23965 | D:11     | Bought a scroll of acquirement for 572 gold pieces
 23965 | D:11     | Acquired a manual of Unarmed Combat
 23967 | D:11     | Acquired 475 gold pieces
 24105 | Shoals:1 | Entered Level 1 of the Shoals
 24167 | Shoals:1 | Gained mutation: You have a small jelly attached to you
                  | that senses nearby items. [Jiyva's grace]
 24167 | Shoals:1 | Gained mutation: Your spells are a little harder to cast,
                  | but a little more powerful. [Jiyva's grace]
 24167 | Shoals:1 | Gained mutation: Your spells are harder to cast, but more
                  | powerful. [Jiyva's grace]
 24167 | Shoals:1 | Gained mutation: Your spells are much harder to cast, but
                  | much more powerful. [Jiyva's grace]
 24246 | Shoals:1 | Reached skill level 5 in Spellcasting
 24282 | Shoals:1 | Reached ***** piety under Jiyva
 24289 | Shoals:1 | Identified the amulet "Suzxam" {Faith rPois rF- rC- Int+4}
 24746 | Shoals:2 | Gained mutation: You expend magic power (3 MP) to
                  | strengthen your wands. [hidden potential]
 24754 | Shoals:2 | Learned a level 6 spell: Eringya's Noxious Bog
 24843 | Shoals:2 | Got the Collected Works on Feathers
 24924 | Shoals:2 | Lost mutation: You are completely covered in iridescent
                  | scales. (AC +6) [Jiyva's grace]
 24924 | Shoals:2 | Lost mutation: Your spells are much harder to cast, but
                  | much more powerful. [Jiyva's grace]
 24924 | Shoals:2 | Lost mutation: Your spells are harder to cast, but more
                  | powerful. [Jiyva's grace]
 24924 | Shoals:2 | Lost mutation: You have great hidden genetic potential.
                  | [Jiyva's grace]
 24924 | Shoals:2 | Lost mutation: You have a small jelly attached to you that
                  | senses nearby items. [Jiyva's grace]
 24924 | Shoals:2 | Gained mutation: Your melee attacks may engulf your foes in
                  | ooze. [Jiyva's grace]
 24924 | Shoals:2 | Gained mutation: Your translucent skin slightly reduces
                  | your foes' accuracy. (Stealth+) [Jiyva's grace]
 24924 | Shoals:2 | Gained mutation: Your translucent skin reduces your foes'
                  | accuracy. (Stealth+) [Jiyva's grace]
 24924 | Shoals:2 | Gained mutation: Your transparent skin significantly
                  | reduces your foes' accuracy. (Stealth+) [Jiyva's grace]
 24991 | Shoals:2 | Reached ****** piety under Jiyva
 25326 | Shoals:3 | Reached XP level 17. HP: 117/117 MP: 27/27
 25605 | Shoals:3 | Found Soizua's Weapon Emporium.
 25787 | Shoals:4 | Entered Level 4 of the Shoals
 25833 | Shoals:4 | Reached skill level 16 in Unarmed Combat
 26054 | Shoals:4 | Reached skill level 17 in Unarmed Combat
 26099 | Shoals:4 | Found a runed translucent gate.
 26120 | Shoals:4 | Noticed an acid blob
 26120 | Shoals:4 | a merfolk impaler changed into an acid blob
 26125 | Shoals:4 | Killed an acid blob
 26157 | Shoals:4 | Got a barnacled rune of Zot
 26188 | Shoals:4 | Found a runed translucent gate.
 26189 | Shoals:4 | Found a runed translucent gate.
 26191 | Shoals:4 | Noticed Stick's ghost (adept DjFE)
 26387 | Shoals:4 | Gained mutation: You are strong-willed. (Will+) [hidden
                  | potential]
 26387 | Shoals:4 | Lost mutation: You have hidden genetic potential. [hidden
                  | potential expressed]
 26825 | D:14     | Bought a scroll of acquirement for 624 gold pieces
 26825 | D:14     | Acquired the ring "Haqejuil" {rElec rPois rF+ Dex+3}
 27014 | Snake:1  | Entered Level 1 of the Snake Pit
 27014 | Snake:1  | Lost mutation: You are strong-willed. (Will+) [Jiyva's
                  | grace]
 27014 | Snake:1  | Gained mutation: Your rubbery body absorbs attacks. (AC +1,
                  | EV +1) [Jiyva's grace]
 27014 | Snake:1  | Gained mutation: Your pliable body absorbs attacks. (AC +2,
                  | EV +2) [Jiyva's grace]
 27014 | Snake:1  | Gained mutation: Your gelatinous body deflects attacks. (AC
                  | +3, EV +3) [Jiyva's grace]
 27014 | Snake:1  | Gained mutation: Your muscles are strong. (Str +2) [Jiyva's
                  | grace]
 27044 | Snake:1  | Found Batamy's Book Shoppe.
 27079 | Snake:1  | Noticed Donald
 27091 | Snake:1  | Killed Donald
 27156 | Snake:1  | Noticed Jorgrun
 27167 | Snake:1  | Slimified Jorgrun
 27167 | Snake:1  | Noticed Jorgrun
 27167 | Snake:1  | Jorgrun changed into Jorgrun the acid blob
 27214 | Snake:1  | Identified the +10 quick blade "Hydraslayer" {vorpal, rF-
                  | rC+ MP+9}
 27297 | Snake:1  | Noticed Louise
 27305 | Snake:1  | Slimified Louise
 27305 | Snake:1  | Noticed Louise
 27305 | Snake:1  | Louise changed into Louise the azure jelly
 27338 | Snake:1  | Reached skill level 10 in Fighting
 27790 | Snake:2  | Reached XP level 18. HP: 127/134 MP: 25/28
 27878 | Snake:2  | Reached skill level 18 in Unarmed Combat
 28436 | Snake:3  | Reached skill level 19 in Unarmed Combat
 28446 | Snake:3  | Found a frozen archway.
 28493 | IceCv    | Entered an ice cave
 28976 | IceCv    | Reached skill level 20 in Unarmed Combat
 29652 | Snake:3  | Lost mutation: Your gelatinous body deflects attacks. (AC
                  | +3, EV +3) [Jiyva's grace]
 29652 | Snake:3  | Lost mutation: Your transparent skin significantly reduces
                  | your foes' accuracy. (Stealth+) [Jiyva's grace]
 29652 | Snake:3  | Gained mutation: You have acidic saliva. [Jiyva's grace]
 29652 | Snake:3  | Gained mutation: You are somewhat resistant to further
                  | mutation. [Jiyva's grace]
 29652 | Snake:3  | Gained mutation: You are somewhat resistant to both further
                  | mutation and mutation removal. [Jiyva's grace]
 29652 | Snake:3  | Gained mutation: You are almost entirely resistant to
                  | further mutation and mutation removal. [Jiyva's grace]
 30229 | Snake:4  | Entered Level 4 of the Snake Pit
 30395 | Snake:4  | Found a shimmering blue altar of Sif Muna.
 30557 | Snake:4  | Killed from afar by a shock serpent

Illustrated notes

Levels and vault maps discovered:
D:1:      dpeg_arrival_rhombus, layout_rooms
D:2:      layout_loops_ring, minivault_26
D:3:      layout_loops_ring, dreamdust_ecumenical_altar_statues
D:4:      layout_rooms, nicolae_qazlal_eye_of_the_storm, marbit_many_paths,
          minmay_temple_entry_tees
D:5:      layout_cave_pools
D:6:      layout_rooms, serial_bayou, serial_bayou_pond_a, serial_bayou_shore_a,
          serial_bayou_pond_d, serial_bayou_pond_b, minmay_holes,
          serial_bayou_pond_c
D:7:      layout_basic, grunt_ministairs_6
D:8:      layout_cave_pods, kennysheep_little_box, lair_entry_dummy,
          serial_shops, nicolae_shop_trees
D:9:      layout_rooms, uniq_joseph, uniq_maurice
D:10:     layout_irregular_city, amcnicky_altar_gilded
D:11:     layout_roguey, serial_shops, shop, minmay_fractal_squares_gapless_5,
          uniq_fannar
D:12:     layout_roguey, minmay_orc_entry_temple_small,
          gammafunk_ghost_necromancy, serial_shops, nicolae_shop_hallway_stairs,
          hangedman_parallel_progression, uniq_nergalle
D:13:     layout_basic, uniq_azrael
D:14:     layout_cave_pools, david_vaults_2, serial_shops, nicolae_diamond_shop,
          minivault_25
D:15:     hangedman_depths_entry_try_elsewhere_first, layout_long_grid,
          minmay_misc_feat_iff, serial_shops, shop
Temple:   mainiacjoe_temple_coin_purse
Lair:1:   layout_big_grid, lemuel_fruit_tree
Lair:2:   layout_small_grid, minmay_snake_entry_six_corridors,
          nicolae_lair_liquid_snakes, uniq_harold
Lair:3:   layout_roguey, st_stairs_7, beast_lair_carwin_8, grunt_megastairs_2,
          uniq_sonja
Lair:4:   layout_gridlike, minmay_shoals_entry_lonely_mermaid,
          nicolae_volcano_entry_two_sided, gauntlet_entry_generic,
          grunt_megastairs_3, lemuel_fruit_fields
Lair:5:   layout_gridlike, slime_altar_1, serial_forest,
          infiniplex_forest_end_2, infiniplex_forest_diagonal,
          infiniplex_forest_clump_double, infiniplex_forest_clump_small,
          infiniplex_forest_lined_2, infiniplex_forest_end_2,
          infiniplex_forest_lined_room_2, chequers_serial_rivers_micro_c
Lair:6:   hangedman_lair_in_review, layout_small_grid
Shoals:1: layout_shoals
Shoals:2: layout_shoals, nicolae_shoals_dead_sea_scrolls, uniq_ilsuiw
Shoals:3: layout_shoals, serial_shops, shop
Shoals:4: shoals_end_grunt_ice, layout_shoals, gammafunk_ghost_tricky_traps
Snake:1:  layout_rooms, serial_shops, nicolae_diamond_shop,
          fake_guardian_serpent_vault, uniq_louise, uniq_donald, uniq_jorgrun
Snake:2:  layout_layer_cave
Snake:3:  minmay_snake_river, layout_misc_corridors,
          portal_ice_cave_entry_ice_statue_two
Snake:4:  johnstein_snake_rune_scales, layout_cave_town, basic_altar,
          grunt_megastairs_5
Orc:1:    layout_caves
Orc:2:    pf_orc_diabolical, layout_caves

Skill      XL: |  1  2  3  4  5  6  7  8  9 10 11 12 13 14 15 16 17 18 |
---------------+-------------------------------------------------------+-----
Unarmed Combat | 4 6 7 10 11 13 15 17 20 | 20.6
Poison Magic   | 1 3 4 3 6 7 |  7.0
Transmutations | 4 5 7 7 12 13 14 | 14.2
Spellcasting   | 3 2 4 6 |  6.9
Ice Magic      | 4 4 |  4.6
Fighting       | 6 10 | 10.0
Dodging        | 8 8 |  8.4
Armour         | 1 |  1.0
Necromancy     | 9 11 | 11.8

Action                   |  1- 3 |  4- 6 |  7- 9 | 10-12 | 13-15 | 16-18 || total
-------------------------+-------+-------+-------+-------+-------+-------++-------
Melee: Unarmed           |    71 |   131 |   183 |   394 |   813 |  1074 ||  2666
       Kick              |    11 |     3 |       |       |       |       ||    14
       Punch             |       |     1 |       |       |     1 |     5 ||     7
Throw: Dart              |    27 |    12 |       |       |       |       ||    39
       Throwing net      |       |       |       |     1 |     2 |       ||     3
 Cast: Beastly Appendage |    14 |     7 |       |       |       |       ||    21
       Spider Form       |     1 |    22 |    20 |     6 |       |       ||    49
       Wereblood         |     1 |     2 |     6 |    16 |    31 |    43 ||    99
       Ice Form          |       |       |    12 |    33 |    71 |    76 ||   192
       Summon Small Mamm |       |       |     1 |     1 |       |       ||     2
       Alistair's Intoxi |       |       |       |       |     8 |    10 ||    18
       Death Channel     |       |       |       |       |       |    26 ||    26
       Eringya's Noxious |       |       |       |       |       |    11 ||    11
Invok: Sacrifice Artific |       |       |     1 |       |       |       ||     1
       Sacrifice Resista |       |       |     1 |       |       |       ||     1
       Draw Out Power    |       |       |       |     8 |     3 |       ||    11
       Sacrifice Arcana  |       |       |       |     1 |       |       ||     1
       Sacrifice Skill   |       |       |       |     1 |       |       ||     1
       Apocalypse        |       |       |       |       |     2 |       ||     2
       Oozemancy         |       |       |       |       |     3 |     2 ||     5
       Slimify           |       |       |       |       |       |     5 ||     5
 Abil: End Transformatio |       |       |     3 |     1 |     4 |     6 ||    14
       Dig               |       |       |     1 |     1 |     6 |    13 ||    21
       Shaft Self        |       |       |       |     1 |     1 |       ||     2
  Use: Scroll            |       |     8 |     2 |     3 |     3 |    16 ||    32
       Potion            |       |       |     3 |     2 |     4 |     3 ||    12
 Stab: Sleeping          |       |     3 |       |       |       |     2 ||     5
       Invisible         |       |       |       |     9 |     5 |       ||    14
       Paralysed         |       |       |       |     3 |    14 |       ||    17
       Distracted        |       |       |       |     1 |       |     3 ||     4
       Petrified         |       |       |       |       |     2 |       ||     2
       Confused          |       |       |       |       |     1 |     5 ||     6
Armor: Robe              |    11 |     3 |     1 |       |       |       ||    15
       Skin              |       |     4 |    13 |    57 |   144 |   175 ||   393
       Acid dragon scale |       |       |       |     3 |     7 |     5 ||    15
       Troll leather arm |       |       |       |       |       |     9 ||     9
Dodge: Dodged            |    43 |    97 |    87 |   190 |   437 |   609 ||  1463

Table legend: (Time is in decaauts)
 A = Elapsed time spent in this place.
 B = Non-inter-level travel time spent in this place.
 C = Inter-level travel time spent in this place.
 D = Time resting spent in this place.
 E = Time spent auto-exploring this place.
 F = Levels seen in this place.
 G = Mean time per level.
                   A        B        C        D        E       F      G
               +--------+--------+--------+--------+--------+-----+--------+
         Total |  30015 |  28051 |   1964 |   2038 |  17508 |  35 |  857.6 |
       Dungeon |  15939 |  14880 |   1059 |   1386 |  10783 |  15 | 1062.6 |
        Temple |    108 |     95 |     13 |      0 |     74 |   1 |  108.0 |
          Lair |   5879 |   5453 |    426 |    155 |   4091 |   6 |  979.8 |
        Shoals |   2477 |   2338 |    139 |    117 |    239 |   4 |  619.2 |
     Snake Pit |   2826 |   2623 |    203 |    111 |   1372 |   4 |  706.5 |
  Orcish Mines |   1527 |   1405 |    122 |     49 |    742 |   2 |  763.5 |
      Ice Cave |    581 |    581 |      0 |    101 |    206 |   1 |  581.0 |
       Volcano |    418 |    418 |      0 |    117 |      0 |   1 |  418.0 |
      Gauntlet |    255 |    255 |      0 |      0 |      0 |   1 |  255.0 |
               +--------+--------+--------+--------+--------+-----+--------+

Top non-repeatable levels by time:
     D:8: 1802 daAuts
     D:7: 1491 daAuts
     D:5: 1403 daAuts
  Lair:2: 1323 daAuts
 Snake:3: 1322 daAuts
    D:12: 1232 daAuts
     D:1: 1232 daAuts
    D:11: 1212 daAuts
     D:9: 1193 daAuts
   Orc:2: 1053 daAuts
  Lair:6: 1044 daAuts
  Lair:3: 985 daAuts
     D:4: 906 daAuts
    D:15: 901 daAuts
     D:3: 897 daAuts
